 Dungeon Crawl Stone Soup version 0.30.0-13-g156ef70053 (webtiles) character file.

Game seed: 7243570215059582770

21 browni3141 the Shield-Bearer (level 2, -3/27 HPs)
             Began as a Minotaur Fighter on May 17, 2023.
             Slain by Natasha (5 damage)
             ... on level 2 of the Dungeon.
             The game lasted 00:00:16 (565 turns).

browni3141 the Shield-Bearer (Minotaur Fighter)      Turns: 565, Time: 00:00:17

Health: -3/27      AC:  7    Str: 20    XL:     2   Next: 62%
Magic:  1/1        EV:  6    Int:  5    God:
Gold:   77         SH:  4    Dex:  9    Spells: 1/1 levels left

rFire   . . .        a - +0 war axe
rCold   . . .        c - +0 buckler
rNeg    . . .        b - +0 scale mail
rPois   .            (helmet restricted)
rElec   .            (no cloak)
rCorr   .            (no gloves)
SInv    .            (no boots)
Will    .....        (no amulet) Stlth
                     (no ring)
HPRegen 0.24/turn    (no ring)
MPRegen 0.07/turn

%: no passive effects
@: mighty, constricted
A: horns 2, retaliatory headbutt
a: no special abilities


You were on level 2 of the Dungeon.
You visited 1 branch of the dungeon, and saw 2 of its levels.

You collected 77 gold pieces.

Inventory:

Hand Weapons
 a - a +0 war axe (weapon)
Armour
 b - a +0 scale mail (worn)
 c - a +0 buckler (worn)
Jewellery
 S - an amulet of reflection
Scrolls
 Q - a scroll of torment {unknown}
 R - a scroll of acquirement {unknown}
Potions
 M - a potion of might
 N - a potion of resistance {unknown}
 O - a potion of haste {unknown}
 P - a potion of mutation {unknown}


   Skills:
 + Level 3.9 Fighting
 + Level 2.8 Axes
 + Level 3.9 Armour
 + Level 0.9 Dodging
 + Level 3.9 Shields


You had one spell level left.
You didn't know any spells.
Your spell library was empty.

Dungeon Overview and Level Annotations

Branches:
Dungeon (2/15)

Altars:

Annotations:
D:2 Natasha


Innate Abilities, Weirdness & Mutations

You have a pair of horns on your head.
You reflexively headbutt those who attack you in melee.


Message History

Your headbutt misses the frilled lizard.
The frilled lizard bites you.
You barely miss the frilled lizard.
Your headbutt misses the frilled lizard.
The frilled lizard bites you but does no damage.
A frilled lizard is nearby!
You slash the frilled lizard!
You kill the frilled lizard!
No target in view!
A rat comes into view.
You completely miss the rat. The rat bites you but does no damage.
A rat is nearby!
You barely miss the rat. Your headbutt misses the rat.
You block the rat's attack. The rat bites you.
A rat is nearby!
A rat is nearby!
You slash the rat!
You kill the rat!
No target in view!
You see here a rat corpse.
You see here a +0 whip.
Done exploring.
No target in view!
No target in view!
Key pressed, stopping explore.
No target in view!
Done exploring.
Done exploring.
Done exploring.
No target in view!
No target in view!
Done exploring.
You can't go down here!
You see here a +0 dagger.
There is a stone staircase leading down here.
You climb downwards.
Natasha hisses angrily.
The goblin shouts!
There is a stone staircase leading up here.
The bat hits you but does no damage.
An endoplasm comes into view.
You hit the bat.
The bat is severely wounded.
You block the bat's attack. The bat barely misses you.
The bat hits you but does no damage.
A ball python comes into view.
There are monsters nearby!
You barely miss the bat.
The bat is severely wounded.
The ball python hisses angrily.
You block the bat's attack.
A ball python comes into view.
The bat hits you but does no damage. Natasha claws you but does no damage.
There are monsters nearby!
The ball python hisses angrily.
You hit Natasha.
Natasha is lightly wounded.
You closely miss the bat. The bat hits you but does no damage. x2
Natasha stares at you and mumbles some strange words.
The magic dart hits you. The bat barely misses you.
There are monsters nearby!
You completely miss Natasha.
Natasha is lightly wounded.
You slash the bat!
You kill the bat!
You closely miss the goblin. The bat barely misses you.
Natasha stares at you and mumbles some strange words.
The magic dart hits you! You block the goblin's attack.
An endoplasm comes into view.
Natasha stares at you and mumbles some strange words.
The magic dart hits you.
You miss Natasha.
Natasha is lightly wounded.
You closely miss the goblin.
The endoplasm quivers.
The goblin misses you. You furiously retaliate!
You headbutt the goblin. The bat barely misses you. You furiously retaliate!
You headbutt the bat!
You kill the bat!
The endoplasm jiggles.
Natasha claws you. The goblin barely misses you.
You closely miss the goblin.
The goblin is heavily wounded.
You barely miss the ball python. You closely miss the ball python.
You barely miss Natasha. The ball python barely misses you.
The ball python closely misses you. x2; The ball python grabs you.
The ball python constricts you. You block Natasha's attack.
The goblin hits you with a +4 dagger.
The ball python bites you but does no damage. x2
The ball python constricts you. Natasha closely misses you.
You escape the ball python's grasp.
The ball python bites you but does no damage.
The ball python closely misses you. The endoplasm freezes you.
You are frozen.
There is a stone staircase leading up here.
You feel very mighty all of a sudden. The ball python bites you.
The ball python grabs you. The ball python constricts you.
The endoplasm hits you but does no damage.
The goblin barely misses you. Natasha claws you.
You die...

...........#
...........#
...........#
...........
#........####.
.#.............
...........###
.....JJ@.....#
......Sgh..#.?.
.......S.......
..............(
..........#....
...............
..##...........
.# #.##..##....
#. #... #..


You could see Natasha, 2 endoplasms, a goblin and 2 ball pythons.

Vanquished Creatures
  2 ball pythons (D:1)
  5 bats
  An endoplasm (D:1)
  2 giant cockroaches (D:1)
  A hobgoblin (D:1)
  A quokka (D:1)
  2 frilled lizards (D:1)
  A goblin (D:1)
  3 kobolds (D:1)
  2 rats (D:1)
20 creatures vanquished.

Notes
Turn   | Place    | Note
-------+----------+-------------------------------------------
     0 | D:1      | browni3141 the Minotaur Fighter began the quest for the
                  | Orb.
     0 | D:1      | Reached XP level 1. HP: 19/19 MP: 0/0
     6 | D:1      | Noticed a black bear
     6 | D:1      | Noticed a killer bee
     6 | D:1      | Noticed a lindwurm
     7 | D:1      | Noticed a hog
     7 | D:1      | Noticed a water moccasin
   173 | D:1      | Reached XP level 2. HP: 27/27 MP: 1/1
   556 | D:2      | Noticed Natasha
   565 | D:2      | Slain by Natasha

Illustrated notes

Levels and vault maps discovered:
D:1:      onia_arrival_zoo_common, layout_basic, minmay_misc_feat_alley,
          minivault_11, item_on_display_a
D:2:      layout_rooms, ebering_ecumenical_altar_abandoned, hex_intersection,
          minmay_tetromino_s2, uniq_natasha

Action                     || total
---------------------------++-------
  Melee: War axe           ||    39
         Headbutt          ||     2
    Use: Potion            ||     1
 Armour: Scale mail        ||    25
  Dodge: Dodged            ||    29
  Block: Buckler           ||     8
